 Dungeon Crawl Stone Soup version 0.17-a0-2127-g1cb09f6 (webtiles) character file.

57 4thArraOfDagon the Firebug (level 3, -3/19 HPs)
             Began as a Deep Elf Fire Elementalist on Oct 22, 2015.
             Splashed by an oklob sapling's acid (11 damage)
             ... on level 6 of the Dungeon.
             The game lasted 00:03:49 (712 turns).

4thArraOfDagon the Firebug (DEFE)                    Turns: 712, Time: 00:03:49

Health: -3/19      AC:  5    Str:  5    XL:     3   Next: 73%
Magic:  0/10       EV:  8    Int: 20    God:
Gold:   24         SH:  0    Dex: 15    Spells: 2 memorised, 5 levels left

rFire  . . .     SeeInvis .     d - +0 spear
rCold  . . .     Clarity  .     a - +0 robe
rNeg   . . .     SustAt   .     (no shield)
rPois  .         Gourm    .     f - +2 helmet
rElec  .         Spirit   .     (no cloak)
rCorr  .         Warding  .     (no gloves)
rMut   .         Stasis   .     (no boots)
MR     .....                    (no amulet)
Stlth  ++........               (no ring)
                                (no ring)

@: not resistant to hostile enchantments, unstealthy
A: no striking features
a: no special abilities


You were on level 6 of the Dungeon.
You were not hungry.

You visited 1 branch of the dungeon, and saw 6 of its levels.

You collected 24 gold pieces.

Inventory:

Hand Weapons
 d - a +0 spear (weapon)
Missiles
 h - 3 javelins (quivered)
Armour
 a - a +0 robe (worn)
 f - a +2 helmet (worn)
Scrolls
 e - a scroll of teleportation
 g - 2 scrolls of identify
 i - a scroll of remove curse {unknown}
Books
 b - a book of Flames

   Spells                             Type                      Level
   a - Flame Tongue                   Conjuration/Fire             1
   b - Throw Flame                    Conjuration/Fire             2
   c - Conjure Flame                  Conjuration/Fire             3
   d - Inner Flame                    Hexes/Fire                   3
   e - Sticky Flame                   Conjuration/Fire             4
   f - Fireball                       Conjuration/Fire             5
Comestibles
 c - 2 bread rations


   Skills:
 - Level 2.4 Dodging
 - Level 2.4 Stealth
 + Level 3.9 Spellcasting
 * Level 2.5 Conjurations
 * Level 4.0 Fire Magic


You had 5 spell levels left.
You knew the following spells:

 Your Spells              Type           Power        Failure   Level  Hunger
a - Flame Tongue          Conj/Fire      ###..        3%          1    None
b - Conjure Flame         Conj/Fire      ###.....     12%         3    ###....


Dungeon Overview and Level Annotations

Branches:
Dungeon (6/15)             Temple (0/1) D:6

Altars:

Shops:
D:4 [(

Annotations:
D:4 1 exclusion
D:5 Edmund
D:6 exclusion: oklob sapling


Message History

You don't have enough magic to cast that spell.
Unknown command.
Casting: Flame Tongue
Confirm with . or Enter, or press ? or * to list all spells.
You don't have enough magic to cast that spell.
Unknown command.
You hit the plant.
You destroy the plant!
Found a chain mail.
Read which item? (? for menu, Esc to quit)
Okay, then.
Unknown command.
There is a staircase to the Ecumenical Temple here.
Unknown command.
The oklob sapling spits acid at you. The splash of acid hits you!
Ouch! That really hurt!
The acid burns!
Ouch! That really hurt!
You die...

# .[. ##. #.. ...#
#.## ....######..#
.....P.PP...#
......PPPP..#
.......PPPPP.P#
........P.@P.P#
.#......PP..P.##
.........PPPP..#
....#.P..P.P.### ..
#..##.#.......# #.#
##............#
#...##)...#.......#
#.....#.........#
####..###.......#


You could see an oklob sapling.

Vanquished Creatures
  A worker ant (D:4)
  A hound skeleton (D:4)
  A shadow imp (D:6)
  3 jackals (D:4)
  3 kobolds
  A giant newt (D:1)
  2 goblins
  A quokka (D:5)
  A rat (D:1)
  A plant (D:6)
15 creatures vanquished.

Notes
Turn   | Place    | Note
--------------------------------------------------------------
     0 | D:1      | 4thArraOfDagon the Deep Elf Fire Elementalist began the quest for the Orb.
     0 | D:1      | Reached XP level 1. HP: 10/10 MP: 6/6
   199 | D:4      | Noticed a worker ant
   216 | D:4      | Killed a worker ant
   216 | D:4      | Reached XP level 2. HP: 6/15 MP: 0/8
   216 | D:4      | Reached XP level 3. HP: 7/19 MP: 0/10
   221 | D:4      | Learned a level 3 spell: Conjure Flame
   250 | D:4      | Found Oniuf's Antique Armour Boutique.
   390 | D:4      | :(
   418 | D:4      | Found Sismiyfa's Weapon Boutique.
   502 | D:4      | Reached skill level 4 in Fire Magic
   539 | D:5      | Entered Level 5 of the Dungeon
   539 | D:5      | Noticed Edmund
   604 | D:5      | Noticed an ogre
   646 | D:6      | Found a staircase to the Ecumenical Temple.
   658 | D:6      | RIP
   712 | D:6      | Splashed by an oklob sapling's acid

Vault maps used:
D:1:      lightli_arrival_lavapool, minmay_door_square, minmay_vboxes
D:2:      nicolae_ru_path_of_blood, minmay_misc_feat_four_crosses,
          feat_on_display
D:4:      kennysheep_the_goblin_king, serial_shops, kennysheep_mini_moat,
          nicolae_shop_overgrown_old_shop, nicolae_shop_window_shopping,
          minivault_27
D:5:      first_bread, uniq_prince_ribbit1, uniq_grinder, uniq_edmund
D:6:      minmay_temple_entry_oklob, uniq_duvessa, uniq_menkaure

Action                   || total
-------------------------++-------
Melee: Unarmed           ||     4
       Spear             ||    45
Throw: Javelin           ||     2
 Cast: Flame Tongue      ||    44
       Conjure Flame     ||     3
  Use: Scroll            ||     1
